 Dungeon Crawl Stone Soup version 0.26-a0-854-gdc81c2f471 (webtiles) character file.

Game seed: 4283615468498994321

93 robertstho the Skirmisher (level 4, -1/42 HPs)
             Began as a Palentonga Fighter on Nov 23, 2020.
             Slain by an orc
             ... wielding a +0 mace
              (2 damage)
             ... on level 3 of the Dungeon.
             The game lasted 00:01:56 (2147 turns).

robertstho the Skirmisher (Palentonga Fighter)      Turns: 2147, Time: 00:01:57

Health: -1/42      AC:  6    Str: 20    XL:     4   Next: 36%
Magic:  4/4        EV:  5    Int:  9    God:
Gold:   75         SH:  8    Dex:  9    Spells: 3/3 levels left

rFire    . . .     SeeInvis +   a - +0 long sword
rCold    . . .     Faith    .   c - +0 kite shield
rNeg     . . .     Spirit   .   b - +0 scale mail
rPois    .         Reflect  .   (no helmet)
rElec    .         Harm     .   (no cloak)
rCorr    .         Rampage  .   (no gloves)
MR       .....                  (no barding)
Stlth    ..........             (no amulet)
HPRegen  0.14/turn              (no ring)
MPRegen  0.09/turn              (no ring)

@: no status effects
A: large, rugged brown scales 3, see invisible, deformed body, roll 1, armoured
tail
a: Rolling Charge


You were on level 3 of the Dungeon.
You visited 1 branch of the dungeon, and saw 3 of its levels.

You collected 75 gold pieces.

Inventory:

Hand Weapons
 a - a +0 long sword (weapon)
Armour
 b - a +0 scale mail (worn)
 c - a +0 kite shield (worn)
Scrolls
 e - 3 scrolls of identify {unknown}
 g - a scroll of fog {unknown}
 h - a scroll of amnesia {unknown}
 i - a scroll of noise {unknown}
 k - a scroll of teleportation {unknown}
Potions
 d - a potion of might
 f - a potion of heal wounds {unknown}
 j - a potion of curing {unknown}
 l - a potion of haste {unknown}
 m - a potion of brilliance {unknown}


   Skills:
 * Level 3.9 Fighting
 + Level 2.5 Long Blades
 * Level 3.0 Armour
 + Level 0.5 Dodging
 + Level 2.9 Shields


You had 3 spell levels left.
You didn't know any spells.
Your spell library was empty.

Dungeon Overview and Level Annotations

Branches:
Dungeon (3/15)

Altars:
Ashenzari
Cheibriados
Fedhas
Qazlal


Innate Abilities, Weirdness & Mutations

You are completely covered in rugged brown scales. (AC +3, +7% HP)
You have supernaturally acute eyesight. (SInv)
Armour fits poorly on your strangely shaped body.
You can roll at nearby foes to attack.
You have a long armoured tail.


Message History

You hit the orc but do no damage. The orc hits you but does no damage.
The orc wizard hits you with a +0 dagger.
You closely miss the orc wizard.
The orc wizard hits you with a +0 dagger.
You block the orc's attack.
The orc wizard gestures at you while chanting.
The magic dart hits you! The orc hits you but does no damage.
You slash the orc priest!
The orc priest is severely wounded.
The orc wizard hits you but does no damage.
The orc hits you with a +0 mace. The orc priest barely misses you.
You riposte.
You closely miss the orc priest.
The orc priest is severely wounded.
The orc hits you with a +0 mace. The orc wizard barely misses you.
The orc hits you with a +0 mace.
The orc priest mumbles some strange prayers to Beogh against you.
Beogh smites you!
* * * LOW HITPOINT WARNING * * *
The orc hits you with a +0 mace.
You die...

......###.## #.
#.###.##...## #.
#)..........# ##.
###..##.##....##
.. ..#..
#†###..... #.
#.#.###.# #...##
##.###.#.....#
#.###
##.##.o.##.#.#.###
#+#
......oo@....#.#
.#.##..o##.#.#.#
##.###.#.#.# #.
#.#...# .. ..#...+
##. ####### #. ..


You could see an orc priest, an orc wizard (fast) and 2 orcs.

Vanquished Creatures
  2 adders (D:2)
  A worm (D:2)
  4 dart slugs
  2 leopard geckos
  An orc (D:3)
  5 bats
  4 giant cockroaches
  2 goblins (D:2)
  4 hobgoblins
  9 jackals
  5 kobolds
  2 quokkas (D:2)
  2 ball pythons (D:2)
  8 frilled lizards
  9 rats
60 creatures vanquished.

Notes
Turn   | Place    | Note
-------+----------+-------------------------------------------
     0 | D:1      | robertstho the Palentonga Fighter began the quest for the
                  | Orb.
     0 | D:1      | Reached XP level 1. HP: 20/20 MP: 1/1
   256 | D:1      | Reached XP level 2. HP: 27/27 MP: 2/2
   782 | D:1      | Reached XP level 3. HP: 32/33 MP: 3/3
  1519 | D:2      | Reached XP level 4. HP: 42/42 MP: 4/4
  1626 | D:2      | Found a stormy altar of Qazlal.
  1676 | D:2      | Found a blossoming altar of Fedhas.
  1754 | D:2      | Found a snail-covered altar of Cheibriados.
  2135 | D:3      | Found a broken altar of Ashenzari.
  2147 | D:3      | HP: 1/42 [orc priest/divine providence (12)]
  2147 | D:3      | Slain by an orc

Illustrated notes

Levels and vault maps discovered:
D:1:      nicolae_arrival_washed_ashore, layout_basic
D:2:      layout_rooms, lemuel_crystal_altar, cheibriados_altar_1,
          fedhas_altar_4
D:3:      layout_loops_corners, nicolae_overflow_crystal_walls

Skill      XL: |  1  2  3  4 |
---------------+-------------+-----
Armour         | 3 |  3.0
Fighting       | |  3.9
Long Blades    | |  2.5
Dodging        | |  0.5
Shields        | |  2.9

Action                   |  1- 3 |  4- 6 || total
-------------------------+-------+-------++-------
Melee: Long sword        |   125 |    47 ||   172
       Tailslap          |    13 |     3 ||    16
Armor: Scale mail        |    80 |    19 ||    99
Dodge: Dodged            |    30 |     9 ||    39
Block: Kite shield       |    83 |    26 ||   109
       Rpst.: Long sword |    13 |     3 ||    16

Table legend: (Time is in decaauts)
 A = Elapsed time spent in this place.
 B = Non-inter-level travel time spent in this place.
 C = Inter-level travel time spent in this place.
 D = Time resting spent in this place.
 E = Time spent auto-exploring this place.
 F = Levels seen in this place.
 G = Mean time per level.
                   A        B        C        D        E       F      G
               +--------+--------+--------+--------+--------+-----+--------+
         Total |   2209 |   2182 |     27 |      0 |   1778 |   3 |  736.3 |
       Dungeon |   2209 |   2182 |     27 |      0 |   1778 |   3 |  736.3 |
               +--------+--------+--------+--------+--------+-----+--------+

Top non-repeatable levels by time:
     D:1: 1095 daAuts
     D:2: 832 daAuts
     D:3: 281 daAuts
